 Dungeon Crawl Stone Soup version 0.27-a0-836-gfc908b8576 (webtiles) character file.

Game seed: 8473929423201033616

99 polve the Ruffian (level 4, -6/55 HPs)
             Began as a Draconian Transmuter on Mar 31, 2021.
             Killed from afar by Sigmund (11 damage)
             ... with a puff of flame
             ... on level 2 of the Dungeon.
             The game lasted 00:02:05 (2412 turns).

polve the Ruffian (Draconian Transmuter)            Turns: 2412, Time: 00:02:06

Health: -6/55      AC: 22    Str: 13    XL:     4   Next: 45%
Magic:  7/7        EV:  2    Int: 14    God:
Gold:   110        SH:  0    Dex: 17    Spells: 6/7 levels left

rFire    . . .     SeeInvis .     - Unarmed
rCold    . . .     Faith    .   (no shield)
rNeg     + + +     Spirit   .   (armour unavailable)
rPois    +         Reflect  .   (helmet currently unavailable)
rElec    .         Harm     .   (cloak currently unavailable)
rCorr    .         Rampage  .   (gloves currently unavailable)
Will     .....     NoTele   +   (boots currently unavailable)
Stlth    ++........             (no amulet)
HPRegen  0.18/turn              d - +6 ring of dexterity
MPRegen  0.10/turn              (no ring)

@: tree-form, very slightly contaminated, hasted, invisible, very quick
A: stationary, stasis, torment immunity, boosted hp, AC +5, unfitting armour,
(cold-blooded)
a: no special abilities


You were on level 2 of the Dungeon.
You were a tree.
You visited 1 branch of the dungeon, and saw 2 of its levels.

You collected 110 gold pieces.

Inventory:

Armour
 c - a +0 pair of boots
Jewellery
 d - a +6 ring of dexterity (left branch)
Scrolls
 b - 2 scrolls of magic mapping {unknown}
 e - 2 scrolls of identify {unknown}
 g - a scroll of enchant weapon {unknown}


   Skills:
 + Level 2.7 Fighting
 - Level 1.7 Dodging
 + Level 3.9 Unarmed Combat
 - Level 2.0 Spellcasting
 * Level 3.2 Transmutations


You had 6 spell levels left.
You knew the following spells:

 Your Spells              Type           Power      Damage    Failure   Level
a - Beastly Appendage     Tmut           20%        N/A       6%          1

Your spell library contained the following spells:

 Spells                   Type           Power      Damage    Failure   Level
 Wereblood                Tmut           10%        N/A       10%         2
 Spider Form              Tmut/Pois      2%         N/A       36%         3
 Ice Form                 Ice/Tmut       5%         N/A       77%         4
 Hydra Form               Tmut           5%         N/A       86%         5


Dungeon Overview and Level Annotations

Branches:
Dungeon (2/15)

Altars:

Shops:
D:2 (

Annotations:
D:2 Sigmund


Innate Abilities, Weirdness & Mutations

You are a tree.
Your roots penetrate the ground, keeping you stationary.
You cannot be teleported.
You are immune to unholy pain and torment.
Your maximum health is greatly increased.
Your equipment is partially melded.
((Your plain brown scales are hard. (AC +5)))
You cannot fit into any form of body armour.
((You are cold-blooded and may be slowed by cold attacks.))


Message History

You miss something. You tail-slap something. Something hits you!
Something hits you!
* * * LOW HITPOINT WARNING * * *
Something is pulled toward you!
It was a potion of lignification.
You turn into a tree.
Your roots penetrate the ground.
You feel less confused. Something hits you but does no damage.
You smack something!
Something hits you.
* * * LOW HITPOINT WARNING * * *
It was a potion of haste.
You feel yourself speed up. Something hits you but does no damage.
It was a potion of curing.
You feel better.
It was a potion of invisibility.
You fade into invisibility!
Something hits you but does no damage.
You are very lightly contaminated with residual magic.
You barely miss something.
You hear some strange, mumbled words.
A magic dart appears from out of thin air!
The magic dart hits you.
* * * LOW HITPOINT WARNING * * *
You barely miss something.
You hear some strange, mumbled words.
Something tries to affect you, but you resist.
You feel less attractive to monsters.
You hit something. You hit something but do no damage.
You hear some strange, mumbled words.
Something tries to affect you, but you resist.
You closely miss something. You closely miss something.
Something hits you but does no damage.
You closely miss something. Your punch misses something. Something hits you.
* * * LOW HITPOINT WARNING * * *
You hit something. You miss something.
You hear some strange, mumbled words.
A puff of flame appears from out of thin air!
The puff of flame hits you!
You die...

#.#.# #.#.#
#.#.# #.#.#
#.#.#
#######.#.#
..........#
###########.###
#..{♣.#####.#
#.###.......#
#.# #########
#.# #........
#.######. ###


There were no monsters in sight!

Vanquished Creatures
  Jessica (D:2)
  Robin (D:2)
  An adder (D:2)
  4 dart slugs
  4 endoplasms
  5 hobgoblins
  2 jackals (D:1)
  3 quokkas
  11 ball pythons
  3 bats (D:1)
  5 goblins
  2 kobolds (D:1)
  3 rats
45 creatures vanquished.

Notes
Turn   | Place    | Note
-------+----------+-------------------------------------------
     0 | D:1      | polve the Draconian Transmuter began the quest for the Orb.
     0 | D:1      | Reached XP level 1. HP: 16/16 MP: 3/3
   279 | D:1      | Reached XP level 2. HP: 9/24 MP: 5/5
   942 | D:1      | Reached XP level 3. HP: 29/29 MP: 4/6
  1500 | D:2      | Noticed Jessica
  1508 | D:2      | Killed Jessica
  1509 | D:2      | Reached XP level 4. HP: 24/37 MP: 7/7
  1656 | D:2      | Found Wauplopi's Antique Weapon Shop.
  1989 | D:2      | Found a faded altar of an unknown god.
  2157 | D:2      | Noticed Robin
  2177 | D:2      | Killed Robin
  2374 | D:2      | Noticed Sigmund
  2400 | D:2      | HP: 2/55 [something (3)]
  2412 | D:2      | Killed from afar by Sigmund

Illustrated notes

Levels and vault maps discovered:
D:1:      dpeg_arrival_shrine, layout_basic, minmay_octomino_j4
D:2:      layout_basic, serial_shops, shop, chequers_ecumenical_altar_simple,
          nrook_loot_triangle, uniq_robin, uniq_sigmund, uniq_jessica

Skill      XL: |  1  2  3 |
---------------+----------+-----
Fighting       | 2 |  2.7
Transmutations | 3 |  3.2
Dodging        | |  1.7
Unarmed Combat | |  3.9
Spellcasting   | |  2.0

Action                   |  1- 3 |  4- 6 || total
-------------------------+-------+-------++-------
Melee: Unarmed           |    80 |    51 ||   131
       Tailslap          |     8 |     3 ||    11
       Headbutt          |     7 |     4 ||    11
       Kick              |    11 |    11 ||    22
       Punch             |     1 |       ||     1
 Cast: Beastly Appendage |     9 |     9 ||    18
  Use: Potion            |       |     6 ||     6
 Stab: Sleeping          |     1 |       ||     1
Armor: Skin              |    26 |    19 ||    45
Dodge: Dodged            |    54 |    27 ||    81

Table legend: (Time is in decaauts)
 A = Elapsed time spent in this place.
 B = Non-inter-level travel time spent in this place.
 C = Inter-level travel time spent in this place.
 D = Time resting spent in this place.
 E = Time spent auto-exploring this place.
 F = Levels seen in this place.
 G = Mean time per level.
                   A        B        C        D        E       F      G
               +--------+--------+--------+--------+--------+-----+--------+
         Total |   2400 |   2384 |     16 |      0 |   2046 |   2 | 1200.0 |
       Dungeon |   2400 |   2384 |     16 |      0 |   2046 |   2 | 1200.0 |
               +--------+--------+--------+--------+--------+-----+--------+

Top non-repeatable levels by time:
     D:1: 1365 daAuts
     D:2: 1035 daAuts
